 Dungeon Crawl Stone Soup version 0.30.1-11-g7821555f0a (webtiles) character file.

Game seed: 1990968347931571697

41401 safid the Gelid (level 14, -18/121 HPs)
             Began as a Merfolk Ice Elementalist on Oct 27, 2023.
             Was a High Priest of Vehumet.
             Demolished by Donald
             ... wielding a +2 demon trident of venom
              (48 damage)
             ... on level 2 of the Orcish Mines on Oct 30, 2023.
             The game lasted 00:43:13 (22947 turns).

safid the Gelid (Merfolk Ice Elementalist)         Turns: 22947, Time: 00:43:14

Health: -18/121    AC:  9    Str:  9    XL:     14   Next: 15%
Magic:  8/30       EV: 16    Int: 27    God:    Vehumet [*****.]
Gold:   1479       SH:  5    Dex: 15    Spells: 22/37 levels left

rFire   . . .        n - +2 trident (flame)
rCold   . . .        (no shield)
rNeg    . . .        O - +2 robe {Will+}
rPois   .            t - +0 helmet {Int+3}
rElec   .            e - +2 cloak
rCorr   .            g - +0 pair of gloves
SInv    +            (no boots)
Will    ++...        y - amulet of reflection
Stlth   ++           r - ring of see invisible
HPRegen 0.40/turn    B - +6 ring of intelligence
MPRegen 0.22/turn

%: reflection
@: lethally poisoned (-18 -> -77)
A: (nimble swimmer 2), mertail
a: Renounce Religion


You were on level 2 of the Orcish Mines.
You worshipped Vehumet.
Vehumet was extremely pleased with you.
You visited 4 branches of the dungeon, and saw 20 of its levels.
You also visited: Bailey.

You collected 1479 gold pieces.

Inventory:

Hand Weapons
 n - a +2 trident of flaming (weapon)
Missiles
 d - 7 throwing nets
Armour
 e - a +2 cloak (worn)
 g - a +0 pair of gloves (worn)
 t - a +0 helmet of intelligence (worn)
 O - a +2 robe of willpower (worn)
Jewellery
 j - a ring of flight
 m - a ring of poison resistance
 r - a ring of see invisible (left hand)
 v - a ring of ice
 w - a ring of willpower
 y - an amulet of reflection (around neck)
 B - a +6 ring of intelligence (right hand)
Wands
 p - a wand of paralysis (24)
 x - a wand of acid (16)
 N - a wand of iceblast (17)
 R - a wand of digging (4)
 T - a wand of mindburst (6)
Scrolls
 a - 2 scrolls of fear
 h - 7 scrolls of fog
 i - 10 scrolls of enchant weapon
 q - a scroll of enchant armour
 s - 6 scrolls of amnesia
 u - 2 scrolls of summoning
 z - a scroll of magic mapping {unknown}
 A - a scroll of vulnerability {unknown}
 C - a scroll of identify
 J - a scroll of brand weapon
 K - 2 scrolls of silence {unknown}
 P - 2 scrolls of torment {unknown}
 Q - 2 scrolls of blinking {unknown}
 V - a scroll of teleportation
Potions
 b - a potion of magic
 c - 2 potions of flight {unknown}
 f - 4 potions of degeneration {unknown}
 k - 8 potions of brilliance
 l - 2 potions of berserk rage {unknown}
 o - 6 potions of curing
 D - 4 potions of cancellation
 E - a potion of mutation {unknown}
 F - a potion of resistance {unknown}
 G - a potion of invisibility {unknown}
 H - 6 potions of haste
 I - a potion of experience {unknown}
 L - 5 potions of lignification {unknown}
 M - 3 potions of ambrosia {unknown}
 S - a potion of might
Miscellaneous
 U - a phantom mirror


   Skills:
 + Level 14.8 Fighting
 + Level 9.2 Dodging
 - Level 2.1 Stealth
 - Level 12.0 Spellcasting
 + Level 2.6 Conjurations
 + Level 15.4 Ice Magic


You had 22 spell levels left.
You knew the following spells:

 Your Spells              Type           Power      Damage    Failure   Level
a - Freeze                Ice            100%       1d10      0%          1
b - Frozen Ramparts       Ice            100%       1d16      0%          3
c - Ozocubu's Armour      Ice            79%        N/A       1%          3
d - Hailstorm             Conj/Ice       60%        3d13      1%          3
e - Freezing Cloud        Conj/Ice/Air   24%        6-21      2%          5

Your spell library contained the following spells:

 Spells                   Type           Power      Damage    Failure   Level
 Lee's Rapid Deconstruct  Erth           8%         3d7*      24%         5
 Ensorcelled Hibernation  Hex/Ice        100%       N/A       1%          2
 Dazzling Flash           Conj/Hex       46%        N/A       1%          3
 Summon Ice Beast         Ice/Summ       55%        N/A       1%          4
 Apportation              Tloc           32%        N/A       3%          1
 Gell's Gravitas          Tloc           16%        N/A       11%         3
 Teleport Other           Tloc           16%        N/A       11%         3
 Vhi's Electric Charge    Tloc/Air       32%        N/A       11%         3
 Animate Dead             Necr           16%        N/A       34%         4
 Manifold Assault         Tloc           16%        N/A       34%         4
 Alistair's Intoxication  Tmut/Pois      10%        N/A       67%         5
 Dispersal                Tloc           8%         N/A       99%         6
 Haunt                    Necr/Summ      8%         N/A       100%        7
 Disjunction              Tloc           8%         N/A       100%        8
 Infestation              Necr           8%         N/A       100%        8


Dungeon Overview and Level Annotations

Branches:
Dungeon (12/15)            Temple (1/1) D:5            Lair (5/5) D:8
 Shoals (0/4) Lair:3       Spider (0/4) Lair:2          Orc (2/2) D:12
 Bailey (visited)
  Slime: Lair:4-5       Elf: Orc:2

Altars:
Ashenzari
Cheibriados
Dithmenos
Elyvilon
Fedhas
Gozag
Hepliaklqana
Kikubaaqudgha
Makhleb
Nemelex Xobeh
Okawaru
Qazlal
Ru
Sif Muna
Trog
Uskayaw
Vehumet
Wu Jian
Xom
Yredelemnul
Zin
The Shining One

Annotations:
D:7 1 runed translucent door, Crazy Yiuf
Lair:1 Sonja
Orc:2 Donald


Innate Abilities, Weirdness & Mutations

((You are very nimble when in or above water. (Stealth+, EV+, Speed+++)))
Your lower body shifts to a powerful aquatic tail in water.


Message History

Casting: Freezing Cloud (dangerous; 2% risk of failure)
Confirm with . or Enter, or press ? or * to list all spells.
Aiming: Freezing Cloud (dangerous; 2% risk of failure)
Press: ? - help, Dir - move target, f/p - Donald
Aim: Donald, wielding a +2 demon trident of venom, wearing a +2 chain mail of fire resistance and wearing a +0 kite shield of reflection (heavily wounded, fast, strong, reflecting blocked projectiles) That beam is likely to hit you.
Continue anyway?
Okay, then.
Unknown command.
Casting: Freezing Cloud (dangerous; 2% risk of failure)
Confirm with . or Enter, or press ? or * to list all spells.
Casting: Hailstorm (safe; 1% risk of failure)
Press: ? - help, Dir - look around, f - activate A cannonade of hail descends around you!
The hail misses Donald.
Donald completely misses you.
Unknown command.
Casting: Hailstorm (safe; 1% risk of failure)
Confirm with . or Enter, or press ? or * to list all spells.
Casting: Hailstorm (safe; 1% risk of failure)
Press: ? - help, Dir - look around, f - activate A cannonade of hail descends around you!
The hail pelts Donald!!
Donald is severely wounded.
Donald hits you from afar with a +2 demon trident of venom!
You are poisoned.
Donald hits you from afar with a +2 demon trident of venom!!
You are more poisoned.
Casting: Hailstorm (safe; 1% risk of failure)
Confirm with . or Enter, or press ? or * to list all spells.
Casting: Hailstorm (safe; 1% risk of failure)
Press: ? - help, Dir - look around, f - activate A cannonade of hail descends around you!
Donald blocks the hail with his +0 kite shield of reflection... and reflects it back!
You feel extremely sick.
Donald hits you from afar with a +2 demon trident of venom!!
You are lethally poisoned!
Unknown command.
* * * LOW HITPOINT WARNING * * *
You feel extremely sick.
Donald hits you from afar with a +2 demon trident of venom!!!
You die...

.....##....###
......#......##
......#.......$## ..
.................##..
....._............#...
..................$..#
#........))[.........##.
......................#
#........@)@)....#....
#.....................
###........[.)##.......
#.$..§§......).........
......§§............##
##...#☼§.......#.).##
#.#.....§..........#
......§.........#.##
#.##............#.#


You could see Donald (fast, strong, reflecting).

Vanquished Creatures
  5 hydras
  A boulder beetle (D:12)
  4 death yaks (Lair:4)
  A tengu warrior (D:10)
  A two-headed ogre (D:12)
  Nergalle (Lair:1)
  6 orc knights
  An orc sorcerer (Orc:2)
  2 manticores (D:12)
  3 ugly things
  3 black mambas
  14 elephants
  A torpor snail (Lair:1)
  4 gargoyles (D:12)
  2 rime drakes
  5 cane toads
  3 komodo dragons
  A kobold demonologist (D:9)
  A tengu conjurer (D:10)
  A queen bee (shapeshifter) (D:12)
  A queen bee (D:9)
  2 polar bears
  A troll (D:11)
  3 blink frogs (Lair:3)
  4 dream sheep (Lair:3)
  2 hornets
  5 slime creatures (D:12)
  2 shadows
  A spriggan (Lair:2)
  4 wyverns
  Eustachio (D:5)
  33 yaks
  A basilisk (Lair:3)
  Grum (D:6)
  A steam dragon (D:10)
  Menkaure (D:7)
  2 vampire mosquitoes (D:12)
  An acid dragon (D:12)
  4 water moccasins
  22 orc warriors
  4 black bears
  A sky beast (D:7)
  An ice beast (D:7)
  3 ogres
  A centaur (shapeshifter) (D:12)
  7 centaurs
  2 kobold brigands (D:10)
  4 bullfrogs
  Blork the orc (D:4)
  3 gnoll sergeants
  5 scorpions
  4 wights (D:8)
  13 killer bees
  A vampire bat (Lair:3)
  2 electric eels (Lair:3)
  5 howler monkeys
  A gnoll bouda (D:6)
  8 hounds
  A jelly (D:6)
  8 orc priests
  3 iguanas
  11 orc wizards
  6 hell rats (Lair:3)
  9 adders
  18 gnolls
  A white imp (D:8)
  4 ufetubi
  2 worms (Lair:2)
  80 orcs
  12 bats
  6 endoplasms
  4 giant cockroaches
  9 hobgoblins
  10 jackals
  11 kobolds
  2 quokkas
  8 ball pythons
  4 frilled lizards
  2 goblins
  5 rats
434 creatures vanquished.

Vanquished Creatures (collateral kills)
  A dire elephant (Lair:2)
1 creature vanquished.

Grand Total: 435 creatures vanquished

Notes
Turn   | Place    | Note
-------+----------+-------------------------------------------
     0 | D:1      | safid the Merfolk Ice Elementalist began the quest for the
                  | Orb.
     0 | D:1      | Reached XP level 1. HP: 13/13 MP: 3/3
   485 | D:1      | Reached XP level 2. HP: 20/20 MP: 5/5
   553 | D:1      | Reached skill level 1 in Fighting
  1038 | D:2      | Identified the +1 robe "Yggept" {rN++}
  1075 | D:2      | Found a faded altar of an unknown god.
  1083 | D:2      | Reached XP level 3. HP: 26/26 MP: 3/6
  1445 | D:2      | Reached skill level 5 in Ice Magic
  1613 | D:2      | Reached XP level 4. HP: 33/33 MP: 8/8
  1660 | D:2      | Learned a level 3 spell: Frozen Ramparts
  1664 | D:2      | Learned a level 3 spell: Ozocubu's Armour
  2709 | D:4      | Reached XP level 5. HP: 10/39 MP: 1/9
  2876 | D:4      | Noticed a black bear
  2888 | D:4      | Killed a black bear
  2893 | D:4      | Reached XP level 6. HP: 43/47 MP: 4/11
  2992 | D:4      | Noticed Blork the orc
  3000 | D:4      | Killed Blork the orc
  3138 | D:4      | Noticed a black bear
  3161 | D:4      | Killed a black bear
  3162 | D:4      | Reached skill level 6 in Ice Magic
  3518 | D:5      | Entered Level 5 of the Dungeon
  3537 | D:5      | Reached XP level 7. HP: 22/54 MP: 7/13
  3752 | D:5      | Noticed Eustachio
  3767 | D:5      | Killed Eustachio
  3889 | D:5      | Found a staircase to the Ecumenical Temple.
  3906 | D:5      | Learned a level 3 spell: Hailstorm
  3907 | Temple   | Entered the Ecumenical Temple
  4254 | Temple   | Became a worshipper of Vehumet
  4640 | D:5      | Reached skill level 5 in Fighting
  4734 | D:5      | Reached skill level 7 in Ice Magic
  4734 | D:5      | Reached XP level 8. HP: 60/62 MP: 8/15
  4995 | D:6      | Reached skill level 5 in Spellcasting
  5555 | D:6      | Noticed Grum
  5667 | D:6      | Noticed a hornet
  5674 | D:6      | Killed a hornet
  5931 | D:6      | Reached skill level 8 in Ice Magic
  6073 | D:6      | You fall into a shaft and drop 3 floors!
  6174 | D:7      | Reached XP level 9. HP: 71/71 MP: 11/18
  6187 | D:7      | Reached * piety under Vehumet
  6187 | D:7      | Offered knowledge of Sandblast by Vehumet.
  6230 | D:7      | Found a flagged portal.
  6239 | Bailey   | Entered a bailey
  6435 | Bailey   | Noticed an orc knight
  6436 | Bailey   | Noticed an orc knight
  6468 | Bailey   | Killed an orc knight
  6469 | Bailey   | Reached skill level 5 in Dodging
  6652 | Bailey   | Killed an orc knight
  6653 | Bailey   | Reached skill level 9 in Ice Magic
  6742 | Bailey   | Noticed an orc knight
  6817 | Bailey   | Killed an orc knight
  6818 | Bailey   | Reached XP level 10. HP: 65/81 MP: 2/20
  7205 | D:6      | Killed Grum
  8295 | D:7      | Found a runed translucent door.
  8296 | D:7      | Noticed Crazy Yiuf
  8356 | D:7      | Noticed a white ugly thing
  8368 | D:7      | Killed a white ugly thing
  8368 | D:7      | Noticed Menkaure
  8369 | D:7      | Reached skill level 10 in Ice Magic
  8413 | D:7      | Killed Menkaure
  8778 | D:8      | Offered knowledge of Searing Ray by Vehumet.
  8796 | D:8      | Reached ** piety under Vehumet
  9381 | D:8      | Found a staircase to the Lair.
 10275 | D:9      | Reached XP level 11. HP: 61/90 MP: 23/23
 10606 | D:9      | Reached skill level 10 in Fighting
 10623 | D:9      | Reached skill level 11 in Ice Magic
 10692 | D:9      | Found a glowing golden altar of the Shining One.
 11034 | D:10     | Entered Level 10 of the Dungeon
 11054 | D:10     | Found a hazy altar of Hepliaklqana.
 11319 | D:10     | Offered knowledge of Static Discharge by Vehumet.
 11363 | D:10     | Noticed a tengu warrior
 11382 | D:10     | Killed a tengu warrior
 11685 | D:10     | Identified the +1 leather armour "Vowk" {Will+}
 11911 | D:10     | Reached *** piety under Vehumet
 12055 | Lair:1   | Entered Level 1 of the Lair of Beasts
 12312 | Lair:1   | Noticed Sonja
 12354 | Lair:1   | Found an opulent altar of Gozag.
 12415 | Lair:1   | Reached skill level 12 in Ice Magic
 12495 | Lair:1   | Noticed Nergalle
 12513 | Lair:1   | Killed Nergalle
 12785 | Lair:1   | Reached XP level 12. HP: 75/98 MP: 22/25
 13299 | Lair:2   | Reached skill level 10 in Spellcasting
 13746 | Lair:2   | Noticed a six-headed hydra
 13754 | Lair:2   | Killed a six-headed hydra
 13754 | Lair:2   | Offered knowledge of Inner Flame by Vehumet.
 13882 | Lair:2   | Noticed a six-headed hydra
 13893 | Lair:2   | Killed a six-headed hydra
 14092 | Lair:2   | Found a hole to the Spider Nest.
 14098 | Lair:2   | Reached skill level 13 in Ice Magic
 14209 | Lair:2   | Noticed a six-headed hydra
 14220 | Lair:2   | Killed a six-headed hydra
 14700 | Lair:2   | Noticed a dire elephant
 14709 | Lair:2   | Killed a dire elephant
 15623 | Lair:3   | Noticed a four-headed hydra
 15669 | Lair:3   | Killed a four-headed hydra
 15670 | Lair:3   | Reached XP level 13. HP: 21/111 MP: 8/28
 16023 | Lair:3   | HP: 4/111 [six-headed hydra (13)]
 16024 | Lair:3   | HP: 1/111 [six-headed hydra (2)]
 16326 | Lair:3   | Found a staircase to the Shoals.
 16587 | Lair:3   | Reached **** piety under Vehumet
 16872 | Lair:3   | You fall into a shaft and drop 2 floors!
 16872 | Lair:5   | Entered Level 5 of the Lair of Beasts
 16959 | Lair:4   | Reached skill level 14 in Ice Magic
 17321 | Lair:4   | Offered knowledge of Freezing Cloud by Vehumet.
 20010 | D:12     | Reached skill level 15 in Ice Magic
 20016 | D:12     | Learned a level 5 spell: Freezing Cloud
 20211 | D:12     | Reached ***** piety under Vehumet
 20320 | D:12     | Offered knowledge of Lee's Rapid Deconstruction by Vehumet.
 20491 | D:12     | Reached skill level 1 in Conjurations
 20497 | D:12     | HP: 4/114 [gargoyle/stone arrow (25)]
 20973 | D:12     | Got the Elucidation of Captivating Location
 21354 | D:12     | Reached XP level 14. HP: 94/121 MP: 23/30
 22248 | D:12     | Found a staircase to the Orcish Mines.
 22611 | Orc:1    | Entered Level 1 of the Orcish Mines
 22775 | Orc:2    | Entered Level 2 of the Orcish Mines
 22934 | Orc:2    | Noticed Donald
 22947 | Orc:2    | Demolished by Donald

Illustrated notes

Levels and vault maps discovered:
D:1:      amcnicky_arrival_flooded_fountain, layout_basic
D:2:      layout_loops_cross, hellmonk_ecumenical_altar_lost_god
D:3:      layout_basic
D:4:      layout_rooms, uniq_blork_the_orc
D:5:      layout_loops_cross, minmay_temple_entry_offerings, kennysheep_doodads,
          uniq_eustachio
D:6:      layout_cave_pools, serial_gnoll_camp, gnoll_camp_mini_loothouse,
          grums_kennel, gnoll_camp_mini_basic, gnoll_camp_medium_01
D:7:      layout_gridville, serial_glass, glass_columns_c, glass_columns_c,
          glass_columns_b, item_on_display_a, minmay_strange_pillars,
          due_unseen_surprise, enter_bailey_2, uniq_menkaure,
          uniq_crazy_yiuf_cottage
D:8:      layout_layer_cave, lair_entry_dummy
D:9:      layout_irregular_city, overflow_temple_1_default,
          nicolae_looking_at_the_future
D:10:     layout_roguey, nzn_hepliaklqana_mist_gate
D:11:     layout_gridville
D:12:     cheibrodos_orc_bank, layout_basic, david_orc_4, special_room
          [special_room_orc], chequers_garden, minmay_radiant
Temple:   mainiacjoe_temple_cubbyholes
Lair:1:   layout_long_grid, basic_altar, guppyfry_lair_drakes, uniq_nergalle,
          uniq_sonja
Lair:2:   mu_elephants_graveyard, layout_cave_pods,
          nicolae_spider_entry_non_spiders, grunt_megastairs_1
Lair:3:   layout_regular_city, minmay_shoals_entry_centaurs, roderic_batcave,
          serial_bayou_pond_b, serial_bayou_lagoon_a, serial_bayou_lake_a,
          infiniplex_staircase_pool_2
Lair:4:   layout_regular_city, basic_altar
Lair:5:   evil_forest, layout_regular_city, minmay_slime_entry_jelly_boxes,
          grunt_megastairs_3
Orc:1:    layout_caves, serial_shops, okawaru_metal_pillars_1_2
Orc:2:    st_orc_rangers, layout_caves, basic_altar, uniq_donald, uniq_urug,
          uniq_saint_roka

Skill      XL: |  1  2  3  4  5  6  7  8  9 10 11 12 13 14 |
---------------+-------------------------------------------+-----
Fighting       | 1 2 3 4 5 6 8 9 11 13 14 | 14.8
Ice Magic      | 5 6 7 8 9 10 12 13 15 | 15.4
Spellcasting   | 3 4 6 7 8 9 11 12 | 12.0
Dodging        | 3 6 8 9 |  9.2
Conjurations   | 1 2 |  2.6
Stealth        | |  2.1

Action                     |  1- 3 |  4- 6 |  7- 9 | 10-12 | 13-15 || total
---------------------------+-------+-------+-------+-------+-------++-------
  Melee: Dagger            |    43 |       |       |       |       ||    43
         Whip              |    52 |   115 |    28 |       |       ||   195
         Punch             |       |     1 |       |     6 |     4 ||    11
         Spear             |       |       |    26 |       |       ||    26
         Trident           |       |       |    36 |   424 |   359 ||   819
         Tailslap          |       |       |       |     6 |     1 ||     7
   Cast: Freeze            |    18 |     6 |     3 |    56 |    54 ||   137
         Frozen Ramparts   |       |     8 |    33 |    69 |    46 ||   156
         Ozocubu's Armour  |       |     7 |    28 |    62 |    39 ||   136
         Hailstorm         |       |       |    14 |    14 |     7 ||    35
         Freezing Cloud    |       |       |       |       |    33 ||    33
  Evoke: Wand              |       |       |       |       |     1 ||     1
    Use: Scroll            |       |       |     7 |     6 |     4 ||    17
         Potion            |       |       |       |     4 |     3 ||     7
   Stab: Sleeping          |     7 |     2 |       |     3 |     1 ||    13
 Armour: Robe              |    30 |    53 |    36 |   255 |   202 ||   576
  Dodge: Dodged            |    77 |    92 |    90 |   473 |   398 ||  1130
  Block: Other             |       |     1 |    38 |   169 |   128 ||   336
         Reflection        |       |       |     1 |     5 |    10 ||    16
